BSA
SO CAL BRUINS @ KENILWORTH ACES
10/21/2030
 
TOP OF THE 1ST
So Cal Bruins batting - Pitching for Kenilworth Aces : RHP Erwin Entwistle
Pitching: RHP Erwin Entwistle
Batting: LHB Jesús Campos 0-0: Ball
1-0: Ground out 1-3 (Groundball, 15S)
Batting: SHB Martín De Jesús 0-0: Ball
1-0: Ball
2-0: Called Strike
2-1: DOUBLE (Line Drive, 9D)
Batting: LHB José Antonio Santiago 0-0: Ball
1-0: Swinging Strike
1-1: Ball
2-1: Foul Ball, location: 2F
2-2: Fly out, F9 (Line Drive, 89M)
Batting: RHB Earl Wiggins 0-0: Foul Ball, location: 2F
0-1: Ball
1-1: Swinging Strike
1-2: Fly out, F4 (Popup, 4)
Top of the 1st over - 0 runs, 1 hit, 0 errors, 1 left on base; So Cal 0 - Kenilworth 0
BOTTOM OF THE 1ST
Kenilworth Aces batting - Pitching for So Cal Bruins : RHP Jeffrey King
Pitching: RHP Jeffrey King
Batting: LHB José Sánchez 0-0: Called Strike
0-1: Ball
1-1: Called Strike
1-2: Ball
2-2: Foul Ball, location: 2F
2-2: Ground out 4-3 (Groundball, 34)
Batting: LHB Santiago Márquez 0-0: Foul Ball, location: 2F
0-1: Swinging Strike
0-2: Ball
1-2: Ball
2-2: Ball
3-2: Base on Balls
Batting: LHB Barrett Waters 0-0: Ball
1-0: Called Strike
1-1: Fly out, F8 (Flyball, 8LXD)
Batting: LHB Roy Patrick 0-0: Fly out, F7 (Line Drive, 7)
Bottom of the 1st over - 0 runs, 0 hits, 0 errors, 1 left on base; So Cal 0 - Kenilworth 0
TOP OF THE 2ND
So Cal Bruins batting - Pitching for Kenilworth Aces : RHP Erwin Entwistle
Batting: RHB Rubén Calderón 0-0: Ball
1-0: Ground out 1-3 (Groundball, 15S)
Batting: LHB Brent Alonzo 0-0: Swinging Strike
0-1: SINGLE (Groundball, 34D)
Batting: RHB William Richardson 0-0: Called Strike
0-1: Ball
1-1: SINGLE (Groundball, 56D)
Brent Alonzo to second
Batting: LHB Jeff Carter 0-0: Grounds into double play, 6-4-3 (Groundball, 6)
Top of the 2nd over - 0 runs, 2 hits, 0 errors, 1 left on base; So Cal 0 - Kenilworth 0
BOTTOM OF THE 2ND
Kenilworth Aces batting - Pitching for So Cal Bruins : RHP Jeffrey King
Batting: SHB Julián Madrid 0-0: Called Strike
0-1: Ball
1-1: Foul Ball, location: 2F
1-2: Ball
2-2: Foul Ball, location: 2F
2-2: Ball
3-2: SOLO HOME RUN (Flyball, 9LD), Distance : 462 ft
Batting: RHB Luis Sánchez 0-0: Ball
1-0: Called Strike
1-1: Ball
2-1: Called Strike
2-2: Ball
3-2: SINGLE (Groundball, 6MD)
Batting: RHB Jorge Jiménez 0-0: Ball
1-0: Fielders Choice at 2nd, 6-4 (Groundball, 6)
Batting: RHB Wilbert Rodgers 0-0: Swinging Strike
0-1: Fly out, F9 (Flyball, 9)
Batting: LHB Jim Jensen 0-0: Ball
Jorge Jiménez steals 2nd base
1-0: Foul Ball, location: 2F
1-1: Ground out U3 (Groundball, 3S)
Bottom of the 2nd over - 1 run, 2 hits, 0 errors, 1 left on base; So Cal 0 - Kenilworth 1
TOP OF THE 3RD
So Cal Bruins batting - Pitching for Kenilworth Aces : RHP Erwin Entwistle
Batting: RHB Greg King 0-0: Foul Ball, location: 2F
0-1: Ball
1-1: Ground out 5-3 (Groundball, 5)
Batting: LHB Jesús Campos 0-0: Foul Ball, location: 2F
0-1: Called Strike
0-2: Ball
1-2: SOLO HOME RUN (Flyball, 9D), Distance : 375 ft
Batting: SHB Martín De Jesús 0-0: Swinging Strike
0-1: Called Strike
0-2: Foul Ball, location: 2F
0-2: Foul Ball, location: 2F
0-2: Strikes out swinging
Batting: LHB José Antonio Santiago 0-0: Ball
1-0: Called Strike
1-1: Fly out, F8 (Flyball, 89D)
Top of the 3rd over - 1 run, 1 hit, 0 errors, 0 left on base; So Cal 1 - Kenilworth 1
BOTTOM OF THE 3RD
Kenilworth Aces batting - Pitching for So Cal Bruins : RHP Jeffrey King
Batting: LHB José Sánchez 0-0: Fly out, F8 (Flyball, 8RXD)
Batting: LHB Santiago Márquez 0-0: Ball
1-0: Called Strike
1-1: SINGLE (Groundball, 6MD)
Batting: LHB Barrett Waters 0-0: Fielders Choice at 2nd, 1-6 (Groundball, 13S)
Batting: LHB Roy Patrick 0-0: Called Strike
0-1: Foul Ball, location: 2F
0-2: Ball
Barrett Waters is caught stealing 2nd base
Bottom of the 3rd over - 0 runs, 1 hit, 0 errors, 0 left on base; So Cal 1 - Kenilworth 1
TOP OF THE 4TH
So Cal Bruins batting - Pitching for Kenilworth Aces : RHP Erwin Entwistle
Batting: RHB Earl Wiggins 0-0: Ball
1-0: Ball
2-0: Ball
3-0: Called Strike
3-1: Base on Balls
Batting: RHB Rubén Calderón 0-0: Ball
1-0: Called Strike
1-1: Ball
2-1: Called Strike
2-2: Fly out, F6 (Popup, 6)
Batting: LHB Brent Alonzo 0-0: Called Strike
0-1: Called Strike
0-2: Ball
1-2: Grounds into double play, 4-6-3 (Groundball, 4)
Top of the 4th over - 0 runs, 0 hits, 0 errors, 0 left on base; So Cal 1 - Kenilworth 1
BOTTOM OF THE 4TH
Kenilworth Aces batting - Pitching for So Cal Bruins : RHP Jeffrey King
Batting: LHB Roy Patrick 0-0: Called Strike
0-1: TRIPLE (Line Drive, 9LD)
Batting: SHB Julián Madrid 0-0: Swinging Strike
0-1: Foul Ball, location: 2F
0-2: Ball
1-2: Foul Ball, location: 2F
1-2: Fly out, F9 (Flyball, 9LMF)
Runner from 3rd tags up, SCORES, no throw
Batting: RHB Luis Sánchez 0-0: Called Strike
0-1: Ball
1-1: Swinging Strike
1-2: Ground out 6-3 (Groundball, 6S)
Batting: RHB Jorge Jiménez 0-0: Called Strike
0-1: Foul Ball, location: 2F
0-2: Ball
1-2: Strikes out swinging
Bottom of the 4th over - 1 run, 1 hit, 0 errors, 0 left on base; So Cal 1 - Kenilworth 2
TOP OF THE 5TH
So Cal Bruins batting - Pitching for Kenilworth Aces : RHP Erwin Entwistle
Batting: RHB William Richardson 0-0: Foul Ball, location: 2F
0-1: Ball
1-1: SINGLE (Groundball, 6M) (infield hit)
Batting: LHB Jeff Carter 0-0: Foul Ball, location: 2F
0-1: Foul Ball, location: 2F
0-2: Ball
1-2: Ground out 4-3 (Groundball, 4S)
William Richardson to second
Batting: RHB Greg King 0-0: Fly out, F3 (Popup, 3SF)
Batting: LHB Jesús Campos 0-0: Ball
1-0: Called Strike
1-1: 2-RUN HOME RUN (Flyball, 9D), Distance : 373 ft
Batting: SHB Martín De Jesús 0-0: Called Strike
0-1: DOUBLE (Line Drive, 89XD)
Batting: LHB José Antonio Santiago 0-0: Ball
1-0: Ball
2-0: Ball
3-0: Base on Balls
Batting: RHB Earl Wiggins 0-0: Called Strike
0-1: Ball
1-1: Swinging Strike
1-2: Strikes out swinging
Top of the 5th over - 2 runs, 3 hits, 0 errors, 2 left on base; So Cal 3 - Kenilworth 2
BOTTOM OF THE 5TH
Kenilworth Aces batting - Pitching for So Cal Bruins : RHP Jeffrey King
Batting: RHB Wilbert Rodgers 0-0: Foul Ball, location: 2F
0-1: Ball
1-1: Ball
2-1: Ball
3-1: Foul Ball, location: 2F
3-2: SOLO HOME RUN (Flyball, 7LD), Distance : 372 ft
Batting: LHB Jim Jensen 0-0: Called Strike
0-1: Ground out U3 (Groundball, 34)
Batting: LHB José Sánchez 0-0: Ball
1-0: Ball
2-0: Swinging Strike
2-1: Fly out, F9 (Line Drive, 9)
Batting: LHB Santiago Márquez 0-0: Foul Ball, location: 2F
0-1: Ball
1-1: Called Strike
1-2: Ball
2-2: Ball
3-2: Foul Ball, location: 2F
3-2: Fly out, F6 (Popup, 6M)
Bottom of the 5th over - 1 run, 1 hit, 0 errors, 0 left on base; So Cal 3 - Kenilworth 3
TOP OF THE 6TH
So Cal Bruins batting - Pitching for Kenilworth Aces : RHP Erwin Entwistle
Batting: RHB Rubén Calderón 0-0: SINGLE (Groundball, 56D)
Batting: LHB Brent Alonzo 0-0: SINGLE (Groundball, 34)
Rubén Calderón to second
Runner from 2nd tries for 3rd, SAFE, throw made to third
Batting: RHB William Richardson 0-0: Called Strike
0-1: Foul Ball, location: 2F
0-2: SINGLE (Line Drive, 56)
Rubén Calderón scores
Brent Alonzo to second
Pitching: RHP Pablo Cabral
Batting: LHB Jeff Carter 0-0: Ball
1-0: Ground out 4-3 (Groundball, 4S)
Brent Alonzo to third
William Richardson to second
Batting: RHB Greg King 0-0: Swinging Strike
0-1: Ball
1-1: Ball
2-1: Ball
3-1: Called Strike
3-2: SINGLE (Groundball, 56D)
Brent Alonzo scores
William Richardson to third
Runner from 3rd tries for Home, SAFE, no throw
Batting: LHB Jesús Campos 0-0: Ball
1-0: Foul Ball, location: 2F
1-1: Ball
2-1: Ball
3-1: Called Strike
3-2: Base on Balls
Greg King to second
Batting: SHB Martín De Jesús 0-0: Foul Ball, location: 2F
0-1: Called Strike
0-2: Ball
1-2: Strikes out looking
Batting: LHB José Antonio Santiago 0-0: Ball
1-0: Swinging Strike
1-1: Called Strike
1-2: Strikes out looking
Top of the 6th over - 3 runs, 4 hits, 0 errors, 2 left on base; So Cal 6 - Kenilworth 3
BOTTOM OF THE 6TH
Kenilworth Aces batting - Pitching for So Cal Bruins : RHP Jeffrey King
Batting: LHB Barrett Waters 0-0: Ball
1-0: Fly out, F8 (Flyball, 8LM)
Batting: LHB Roy Patrick 0-0: Foul Ball, location: 2F
0-1: Fly out, F7 (Flyball, 7D)
Batting: SHB Julián Madrid 0-0: Ground out U3 (Groundball, 3)
Bottom of the 6th over - 0 runs, 0 hits, 0 errors, 0 left on base; So Cal 6 - Kenilworth 3
TOP OF THE 7TH
So Cal Bruins batting - Pitching for Kenilworth Aces : RHP Pablo Cabral
Batting: RHB Earl Wiggins 0-0: Ball
1-0: Swinging Strike
1-1: Swinging Strike
1-2: Strikes out looking
Batting: RHB Rubén Calderón 0-0: Ball
1-0: Swinging Strike
1-1: Called Strike
1-2: Foul Ball, location: 2F
1-2: Strikes out swinging
Batting: LHB Brent Alonzo 0-0: Ball
1-0: Ball
2-0: Called Strike
2-1: Fly out, F9 (Flyball, 9LM)
Top of the 7th over - 0 runs, 0 hits, 0 errors, 0 left on base; So Cal 6 - Kenilworth 3
BOTTOM OF THE 7TH
Kenilworth Aces batting - Pitching for So Cal Bruins : RHP Jeffrey King
Batting: RHB Luis Sánchez 0-0: Ball
1-0: Swinging Strike
1-1: Ball
2-1: Fly out, F6 (Popup, 56D)
Batting: RHB Jorge Jiménez 0-0: Called Strike
0-1: Swinging Strike
0-2: Fly out, F4 (Line Drive, 4)
Batting: RHB Wilbert Rodgers 0-0: Ball
1-0: Ball
2-0: Ball
3-0: Called Strike
3-1: DOUBLE (Flyball, 8LXD)
Batting: LHB Jim Jensen 0-0: Foul Ball, location: 2F
0-1: SINGLE (Groundball, 34D)
Wilbert Rodgers to third
Runner from 3rd tries for Home, SAFE, no throw
Pitching: RHP Masahiko Okada
Batting: LHB José Sánchez 0-0: SINGLE (Flyball, 7LS)
Jim Jensen to second
Batting: LHB Santiago Márquez 0-0: Ball
1-0: Ball
2-0: Ground out U3 (Groundball, 3L)
Bottom of the 7th over - 1 run, 3 hits, 0 errors, 2 left on base; So Cal 6 - Kenilworth 4
TOP OF THE 8TH
So Cal Bruins batting - Pitching for Kenilworth Aces : RHP Pablo Cabral
Batting: RHB William Richardson 0-0: Swinging Strike
0-1: Ball
1-1: Foul Ball, location: 2F
1-2: Ground out 4-3 (Groundball, 4)
Pitching: LHP Mark Murchison
Batting: LHB Jeff Carter 0-0: Called Strike
0-1: SINGLE (Groundball, 6MD)
Pitching: RHP Robinson Gonzáles
Batting: RHB Greg King 0-0: Ball
1-0: Called Strike
1-1: Swinging Strike
1-2: Strikes out looking
Batting: LHB Jesús Campos 0-0: Foul Ball, location: 2F
0-1: Fly out, F6 (Popup, 4M)
Top of the 8th over - 0 runs, 1 hit, 0 errors, 1 left on base; So Cal 6 - Kenilworth 4
BOTTOM OF THE 8TH
Kenilworth Aces batting - Pitching for So Cal Bruins : RHP Masahiko Okada
Batting: LHB Barrett Waters 0-0: Ground out 4-3 (Groundball, 4)
Batting: LHB Roy Patrick 0-0: Called Strike
0-1: Swinging Strike
0-2: Foul Ball, location: 2F
0-2: Foul Ball, location: 2F
0-2: Foul Ball, location: 2F
0-2: Foul Ball, location: 2F
0-2: Ball
1-2: Foul Ball, location: 2F
1-2: Ground out 5-3 (Groundball, 5S)
Batting: SHB Julián Madrid 0-0: Called Strike
0-1: Foul Ball, location: 2F
0-2: Ball
1-2: Foul Ball, location: 2F
1-2: Ball
2-2: Foul Ball, location: 2F
2-2: Ball
3-2: Ground out 4-3 (Groundball, 4)
Bottom of the 8th over - 0 runs, 0 hits, 0 errors, 0 left on base; So Cal 6 - Kenilworth 4
TOP OF THE 9TH
So Cal Bruins batting - Pitching for Kenilworth Aces : RHP Robinson Gonzáles
Batting: SHB Martín De Jesús 0-0: Called Strike
0-1: Ball
1-1: Foul Ball, location: 2F
1-2: Ball
2-2: Ground out 5-3 (Groundball, 56S)
Batting: LHB José Antonio Santiago 0-0: Foul Ball, location: 2F
0-1: Ball
1-1: Ground out 4-3 (Groundball, 4)
Batting: RHB Earl Wiggins 0-0: Foul Ball, location: 2F
0-1: Swinging Strike
0-2: Foul Ball, location: 2F
0-2: Ball
1-2: Ball
2-2: Foul Ball, location: 2F
2-2: Ground out 5-3 (Groundball, 56S)
Top of the 9th over - 0 runs, 0 hits, 0 errors, 0 left on base; So Cal 6 - Kenilworth 4
BOTTOM OF THE 9TH
Kenilworth Aces batting - Pitching for So Cal Bruins : RHP Masahiko Okada
Pitching: RHP César Menéndez
Batting: RHB Luis Sánchez 0-0: Swinging Strike
0-1: Called Strike
0-2: Foul Ball, location: 2F
0-2: Ball
1-2: Ball
2-2: DOUBLE (Line Drive, 7LS)
Batting: RHB Jorge Jiménez 0-0: Ball
1-0: Foul Ball, location: 2F
1-1: Ball
2-1: Fly out, F8 (Line Drive, 8RD)
Now in CF: Pedro Mata
Batting: RHB Wilbert Rodgers 0-0: Ball
1-0: Foul Ball, location: 2F
1-1: Swinging Strike
1-2: SINGLE (Flyball, 78M)
Luis Sánchez to third
Batting: LHB Jim Jensen 0-0: Ball
1-0: Called Strike
1-1: Ball
2-1: Called Strike
2-2: Ball
3-2: Base on Balls
Wilbert Rodgers to second
Batting: LHB José Sánchez 0-0: Called Strike
0-1: Grounds into fielders choice 4-2 (Groundball, 34)
Wilbert Rodgers to third
Jim Jensen to second
Batting: LHB Santiago Márquez 0-0: Ball
1-0: Ball
2-0: Ball
3-0: Called Strike
3-1: Fly out, F7 (Flyball, 7LMF)
Bottom of the 9th over - 0 runs, 2 hits, 0 errors, 3 left on base; So Cal 6 - Kenilworth 4
Saturday, April 7th, 2018 - OOTP Baseball 18.8 Build 76